AoeStats
← DrStylus27

Enclosed

506020745Analyzed
1v1 RM · 21d ago on Sep 12, 2026· 46m 19s· 2 players
Game mode
Random Map
Map size
Tiny (2 player)
Population
200
Speed
Normal
Resources
Standard
Victory
Conquest
Starting age
Dark Age
Ending age
Imperial Age
RankedLock teamsTeams togetherTeam positionsShared explorationLock speedFull tech treeHidden civsTurbo modeCheats
Victory
Defeat
🇬🇧 Ethiopians · United Kingdom
821
+17
🇺🇸 Armenians · United States
853
-17
DrStylus27
7:46 Loom
9:52 Feudal Age
14:44 Fletching
19:02 Wheelbarrow
19:09 Horse Collar
25:12 Castle Age
23:50 Double-Bit Axe
24:41 Padded Archer Armor
25:29 Crossbowman
26:07 Bodkin Arrow
28:20 Ballistics
28:53 Bow Saw
41:37 Imperial Age
39:37 Thumb Ring
40:00 Husbandry
39:27 Light Cavalry
41:46 Arbalester
43:09 Scale Barding Armor
43:53 Bracer
46:43 Chemistry
Oramac the Silver
3:00 Loom
11:00 Feudal Age
11:55 Double-Bit Axe
12:52 Man-at-Arms
13:56 Long Swordsman
17:56 Horse Collar
20:25 Castle Age
19:06 Scale Mail Armor
19:41 Fletching
19:40 Horse Collar
20:36 Elite Skirmisher
20:41 Two-Handed Swordsman
22:07 Bow Saw
23:36 Bodkin Arrow
26:17 Heavy Plow
27:54 Gold Mining
31:53 Padded Archer Armor
33:29 Chain Mail Armor
35:34 Squires
39:40 Leather Archer Armor
39:35 Arson
46:11 Imperial Age
44:16 Forging
45:43 Wheelbarrow
Connection lost

Rejoining the realm…

Still unreachable

The connection could not be restored.

Session expired

The server has moved on; the page needs a fresh start.